 Dungeon Crawl Stone Soup version 0.29-a0-982-gaed3a0c8d8 (webtiles) character file.

Game seed: 2580226937081595090

2391 concernfroge the Fighter (level 9, -1/78 HPs)
             Began as a Mummy Monk on July 31, 2022.
             Was a Believer of Cheibriados.
             Slain by Duvessa
             ... wielding a +2 rapier of protection
              (10 damage)
             ... on level 4 of the Dungeon on Aug 2, 2022.
             The game lasted 00:33:39 (7676 turns).

concernfroge the Fighter (Mummy Monk)               Turns: 7676, Time: 00:33:41

Health: -1/78      AC:  9    Str: 23    XL:     9   Next: 22%
Magic:  14/14      EV:  8    Int: 20    God:    Cheibriados [**....]
Gold:   691        SH: 21    Dex: 26    Spells: 8/8 levels left

rFire   x . .      SeeInvis .   o - +0 broad axe (flame)
rCold   + . .      Faith    .   l - +2 tower shield
rNeg    + + +      Spirit   .   p - +1 acid dragon scales
rPois   ∞          Reflect  +   (no helmet)
rElec   .          Harm     .   d - +0 cloak
rCorr   +          Rampage  .   e - +0 pair of gloves
Will    +....                   (no boots)
Stlth   +.........              b - amulet of reflection
HPRegen 0.23/turn               c - +6 ring of intelligence
MPRegen 0.14/turn               k - +6 ring of dexterity

@: silenced, very slow
A: cold resistance 1, negative energy resistance 3, torment resistance 2, heat
vulnerability 1, in touch with death 1, no potions
a: Renounce Religion


You were on level 4 of the Dungeon.
You worshipped Cheibriados.
Cheibriados was pleased with you.
You visited 2 branches of the dungeon, and saw 9 of its levels.
You also visited: Sewer.

You collected 1559 gold pieces.
You spent 868 gold pieces at shops.

Inventory:

Hand Weapons
 o - a +0 broad axe of flaming (weapon)
Missiles
 q - 9 poisoned darts (quivered)
Armour
 d - a +0 cloak (worn)
 e - a +0 pair of gloves (worn)
 h - a +2 plate armour
 l - a +2 tower shield (worn)
 p - +1 acid dragon scales (worn)
Jewellery
 b - an amulet of reflection (around neck)
 c - a +6 ring of intelligence (left hand)
 j - a ring of ice
 k - a +6 ring of dexterity (right hand)
 m - a +6 ring of intelligence
Wands
 s - a wand of quicksilver (4)
 u - a wand of charming (7)
 v - a wand of iceblast (8)


   Skills:
 - Level 10.0 Fighting
 + Level 2.1(2.6) Axes
 - Level 2.4(2.8) Polearms
 - Level 2.4 Dodging
 - Level 1.5 Stealth
 + Level 6.8 Invocations


You had 8 spell levels left.
You didn't know any spells.
Your spell library contained the following spells:

 Spells                   Type           Power      Damage    Failure   Level
 Sting                    Tmut/Pois      0%         1d3       99%         1
 Poisonous Vapours        Pois/Air       0%         N/A       100%        2
 Static Discharge         Conj/Air       0%         3-3/arc   100%        2
 Dispel Undead            Necr           0%         3d6       100%        4
 Fulminant Prism          Conj/Hex       0%         3d6       100%        4
 Iskenderun's Mystic Bla  Conj/Tloc      0%         2d3       100%        4
 Olgreb's Toxic Radiance  Pois           0%         N/A       100%        4
 Sticky Flame             Conj/Fire      0%         2d3       100%        4
 Lee's Rapid Deconstruct  Erth           0%         3d5*      100%        5


Dungeon Overview and Level Annotations

Branches:
Dungeon (8/15)             Temple (1/1) D:7           Sewer (visited)
   Lair: D:8-11

Altars:
Ashenzari
Cheibriados
Dithmenos
Fedhas
Hepliaklqana
Kikubaaqudgha
Makhleb
Nemelex Xobeh
Okawaru
Qazlal
Ru
Sif Muna
Trog
Uskayaw
Vehumet
Wu Jian
Xom
Yredelemnul

Shops:
D:2 [   D:5 *   D:7 =

Annotations:
D:4 Duvessa; Never's ghost, amateur DrSu; Pikel
D:5 2 transporters, bchevrier's ghost, novice GnWn
D:6 Eustachio


Innate Abilities, Weirdness & Mutations

You are immune to poison.
Your flesh is cold resistant. (rC+)
You are immune to negative energy. (rN+++)
You are immune to unholy pain and torment.
You are vulnerable to heat. (rF-)
You are in touch with the powers of death.
You do not drink.


Message History

You hit Duvessa but do no damage.
Your surroundings suddenly seem different.
Duvessa rages.
There is an iron altar of Okawaru here.
Duvessa attacks as you move away! You block Duvessa's attack. x2
The gnoll hits you from afar with a +0 spear.
Duvessa attacks as you move away! You block Duvessa's attack.
Duvessa is no longer moving slowly.
Really walk into that dispersal trap?
Duvessa attacks as you move away! Duvessa closely misses you.
You enter a dispersal trap!
Duvessa blinks!
The gnoll blinks!
You blink.
Duvessa rages.
You block the gnoll's attack.
Okay, then.
As you read the scroll of silence, it crumbles to dust.
A profound silence engulfs you. You block the gnoll's attack.
You block Duvessa's attack.
Duvessa hits you with a +2 rapier of protection!
* * * LOW HITPOINT WARNING * * *
The gnoll hits you from afar with a +0 spear.
* * * LOW HITPOINT WARNING * * *
Duvessa barely misses you.
Okay, then.
Okay, then.
You hit Duvessa. You burn Duvessa.
Duvessa is moderately wounded.
You block Duvessa's attack.
The gnoll hits you from afar with a +0 spear.
* * * LOW HITPOINT WARNING * * *
You block Duvessa's attack. The gnoll hits you but does no damage.
Duvessa hits you with a +2 rapier of protection.
* * * LOW HITPOINT WARNING * * *
You barely miss Duvessa.
Duvessa is moderately wounded.
You block Duvessa's attack. The gnoll hits you but does no damage.
You block Duvessa's attack.
The gnoll hits you from afar with a +0 spear.
* * * LOW HITPOINT WARNING * * *
Duvessa hits you with a +2 rapier of protection!
You die...

#..).#####)......#
###.####
##.......## #.>.#
#.........## ..###
#...##.##..# ###
#....#.#...#
#..#.....#.#
#..##...##.#
#....._..^.#
#..##e@.##.#
#..#.....#.#
#....#.#g..#
#...##.##..#
#.......,.##
##.......##
##.....#* *######


You could see Duvessa (berserk) and a gnoll.

Vanquished Creatures
  Maggie (D:7)
  A steam dragon (D:7)
  3 water moccasins
  2 black bears
  A sky beast (D:7)
  An orc warrior (D:7)
  2 ice beasts
  A kobold brigand (D:7)
  4 scorpions
  Dowan (D:4)
  7 hounds
  3 jellies
  Jessica (D:3)
  6 iguanas
  2 orc wizards
  Natasha (D:4)
  4 adders
  6 gnolls
  2 river rats (D:3)
  2 white imps
  4 ufetubi
  A worm (D:1)
  2 dart slugs
  12 orcs
  11 ball pythons
  6 endoplasms
  7 giant cockroaches
  6 goblins
  6 hobgoblins
  17 kobolds
  A quokka (D:2)
  6 bats
  3 frilled lizards
  9 rats
142 creatures vanquished.

Vanquished Creatures (collateral kills)
  2 orcs (D:4)
  A giant cockroach (D:4)
3 creatures vanquished.

Vanquished Creatures (others)
  An orc wizard (D:6)
  2 orcs
  4 plants (D:4)
  3 withered plants (D:3)
10 creatures vanquished.

Grand Total: 155 creatures vanquished

Notes
Turn   | Place    | Note
-------+----------+-------------------------------------------
     0 | D:1      | concernfroge the Mummy Monk began the quest for the Orb.
     0 | D:1      | Reached XP level 1. HP: 18/18 MP: 1/1
     0 | D:1      | Upgraded the game from 0.29-a0-973-gac7da5f7f0 to
                  | 0.29-a0-982-gaed3a0c8d8
   135 | D:1      | Reached XP level 2. HP: 24/24 MP: 2/2
   606 | D:1      | Reached skill level 4 in Fighting
   883 | D:1      | Gained mutation: You are in touch with the powers of death.
                  | [Mummy growth]
   883 | D:1      | Reached XP level 3. HP: 30/30 MP: 3/3
  1270 | D:2      | Found Faecuneh's Armour Boutique.
  1778 | D:3      | Noticed Jessica
  2157 | D:3      | Reached skill level 5 in Fighting
  2157 | D:3      | Reached XP level 4. HP: 30/39 MP: 4/4
  2207 | D:3      | Found a glowing drain.
  2226 | Sewer    | Entered a sewer
  2832 | D:3      | Found a faded altar of an unknown god.
  3230 | D:3      | Killed Jessica
  3238 | D:3      | Found a shimmering blue altar of Sif Muna.
  3334 | D:4      | Noticed a lemure
  3334 | D:4      | Noticed a lemure
  3334 | D:4      | Noticed a lemure
  3334 | D:4      | Noticed a lemure
  3334 | D:4      | Noticed a scorpion
  3401 | D:4      | Noticed a scorpion
  3403 | D:4      | Noticed a scorpion
  3404 | D:4      | Noticed Never's ghost (amateur DrSu)
  3495 | D:4      | Reached XP level 5. HP: 46/46 MP: 5/5
  3561 | D:4      | Reached skill level 6 in Fighting
  3710 | D:4      | Noticed Pikel
  3729 | D:4      | Noticed Natasha
  3749 | D:5      | Entered Level 5 of the Dungeon
  3975 | D:5      | Reached skill level 7 in Fighting
  3975 | D:5      | Reached XP level 6. HP: 47/55 MP: 6/6
  4026 | D:5      | Noticed a water moccasin
  4086 | D:6      | Noticed Maggie
  4419 | D:4      | Found a hazy altar of Hepliaklqana.
  4630 | D:6      | Noticed an ice beast
  4630 | D:6      | Noticed Eustachio
  4657 | D:6      | Identified a scroll of acquirement
  4658 | D:6      | Acquired 1002 gold pieces
  4720 | D:7      | Noticed an orc warrior
  4751 | D:6      | Noticed an ice beast
  4882 | D:7      | Found Haodghosynk's Jewellery Emporium.
  4890 | D:7      | Bought a +6 ring of dexterity for 468 gold pieces
  5079 | D:7      | Noticed a sky beast
  5094 | D:7      | Killed a sky beast
  5095 | D:7      | Reached skill level 8 in Fighting
  5095 | D:7      | Reached XP level 7. HP: 56/63 MP: 7/7
  5136 | D:7      | Noticed a steam dragon
  5147 | D:8      | Found a sacrificial altar of Ru.
  5248 | D:7      | Found a staircase to the Ecumenical Temple.
  5256 | Temple   | Entered the Ecumenical Temple
  5295 | Temple   | Became a worshipper of Cheibriados the Contemplative
  5295 | Temple   | Reached * piety under Cheibriados
  5295 | Temple   | Reached ** piety under Cheibriados
  5410 | D:7      | Reached skill level 1 in Invocations
  5455 | D:7      | Reached skill level 9 in Fighting
  5507 | D:7      | Reached XP level 8. HP: 40/71 MP: 9/9
  6101 | D:7      | Killed Maggie
  6102 | D:7      | Reached skill level 10 in Fighting
  6361 | D:7      | Reached skill level 5 in Invocations
  6444 | D:7      | Found a bloodstained altar of Trog.
  6833 | D:5      | Found Sulor's Assorted Antiques.
  6847 | D:5      | Bought a scroll of teleportation for 75 gold pieces
  6847 | D:5      | Bought a crooked bone wand for 100 gold pieces
  6847 | D:5      | Bought a scroll labelled MAETIUTZETOST for 25 gold pieces
  6847 | D:5      | Bought a runed bronze wand for 100 gold pieces
  6847 | D:5      | Bought a glowing silver wand for 100 gold pieces
  6885 | D:5      | Reached XP level 9. HP: 73/78 MP: 13/13
  6950 | D:5      | Found a hide-covered altar of Uskayaw.
  7001 | D:5      | Noticed bchevrier's ghost (novice GnWn)
  7006 | D:5      | Reached skill level 1 in Axes
  7101 | D:5      | Found a transporter.
  7106 | D:5      | Found a transporter.
  7175 | D:5      | Found a burning altar of Makhleb.
  7575 | D:4      | Killed Natasha
  7647 | D:4      | Noticed Duvessa
  7647 | D:4      | Noticed Dowan
  7655 | D:4      | Killed Dowan
  7656 | D:4      | Found an iron altar of Okawaru.
  7676 | D:4      | Slain by Duvessa

Illustrated notes

Levels and vault maps discovered:
D:1:      mrwooster_arrival_statue_3, layout_loops_corners
D:2:      layout_basic, serial_shops, nicolae_diamond_shop,
          minmay_strange_pillars, grunt_ministairs_10
D:3:      layout_loops_ring, tgw_sif, portal_sewer_entry_e,
          ebering_ecumenical_altar_petrified, patterned_corridor
D:4:      layout_rooms, grunt_gozag_statues, lemuel_doored_altar,
          mainiacjoe_overflow_small_starburst, overflow_temple_1_default,
          serial_forest, infiniplex_forest_corner_1,
          infiniplex_forest_straight_4, infiniplex_forest_corner_2,
          infiniplex_forest_end_3, gammafunk_ghost_arena, uniq_duvessa,
          uniq_natasha, uniq_pikel, uniq_sigmund
D:5:      layout_loops_ring, makhleb_heckhound_becter,
          eat_drink_and_be_merry_uskayaw, serial_shops,
          nicolae_shop_window_shopping, gammafunk_ghost_hive
D:6:      layout_basic, uniq_eustachio, uniq_maggie
D:7:      layout_basic, overflow_temple_1_default, kennysheep_mini,
          minmay_temple_entry_glassed_door, serial_shops, nicolae_stop_n_shop_2,
          minmay_misc_feat_five
D:8:      minmay_s_stair_smasher, layout_cave_pools,
          nicolae_overflow_hidden_temple, minmay_hedge_maze, uniq_grum
Temple:   hellmonk_temple_of_storms

Skill      XL: |  1  2  3  4  5  6  7  8  9 |
---------------+----------------------------+-----
Fighting       | 4 5 7 8 9 10 | 10.0
Invocations    | 2 6 |  6.8
Axes           | 2 |  2.1
Polearms       | |  2.4
Dodging        | |  2.4
Stealth        | |  1.5

Action                   |  1- 3 |  4- 6 |  7- 9 || total
-------------------------+-------+-------+-------++-------
Melee: Spear             |   195 |   248 |       ||   443
       Punch             |     4 |       |       ||     4
       Whip              |       |    78 |    98 ||   176
       Broad axe         |       |       |    87 ||    87
 Fire: Shortbow          |       |    15 |       ||    15
Throw: Dart              |       |     8 |       ||     8
Invok: Bend Time         |       |       |    12 ||    12
  Use: Scroll            |     5 |    17 |     4 ||    26
 Stab: Sleeping          |     1 |       |     2 ||     3
Armor: Robe              |     6 |       |       ||     6
       Ring mail         |     9 |       |       ||     9
       Plate armour      |    73 |   202 |    43 ||   318
       Acid dragon scale |       |       |    26 ||    26
Dodge: Dodged            |    56 |    35 |    28 ||   119
Block: Other             |    30 |    20 |       ||    50
       Tower shield      |       |   271 |   264 ||   535
       Reflection        |       |     9 |     9 ||    18

Table legend: (Time is in decaauts)
 A = Elapsed time spent in this place.
 B = Non-inter-level travel time spent in this place.
 C = Inter-level travel time spent in this place.
 D = Time resting spent in this place.
 E = Time spent auto-exploring this place.
 F = Levels seen in this place.
 G = Mean time per level.
                   A        B        C        D        E       F      G
               +--------+--------+--------+--------+--------+-----+--------+
         Total |   8575 |   7635 |    940 |    298 |   5361 |  10 |  857.5 |
       Dungeon |   8333 |   7404 |    929 |    298 |   5202 |   8 | 1041.6 |
        Temple |     46 |     36 |     10 |      0 |     24 |   1 |   46.0 |
         Sewer |    195 |    195 |      0 |      0 |    134 |   1 |  195.0 |
               +--------+--------+--------+--------+--------+-----+--------+

Top non-repeatable levels by time:
     D:7: 1919 daAuts
     D:5: 1747 daAuts
     D:3: 1569 daAuts
     D:1: 1177 daAuts
     D:6: 716 daAuts
     D:4: 650 daAuts
     D:2: 502 daAuts
   Sewer: 195 daAuts
     D:8: 50 daAuts
  Temple: 46 daAuts
